 Dungeon Crawl Stone Soup version 0.29.0-4-gdea44cf6ec (webtiles) character file.

Game seed: 16248007485487150279

178 qw the Chopper (level 5, -3/32 HPs)
             Began as a Gargoyle Fighter on Sept 8, 2022.
             Slain by a black bear (4 damage)
             ... on level 4 of the Dungeon.
             The game lasted 00:01:19 (3037 turns).

qw the Chopper (Gargoyle Fighter)                   Turns: 3037, Time: 00:01:20

Health: -3/32      AC: 13    Str: 19    XL:     5   Next: 58%
Magic:  5/5        EV:  9    Int:  9    God:
Gold:   78         SH:  5    Dex: 15    Spells: 4/4 levels left

rFire   . . .      SeeInvis .   Y - +0 war axe
rCold   . . .      Faith    .   c - +0 buckler
rNeg    + . .      Spirit   .   b - +0 scale mail
rPois   inf        Reflect  .   j - +0 helmet
rElec   +          Harm     .   (no cloak)
rCorr   .          Rampage  .   h - +0 pair of gloves
Will    .....                   (no boots)
Stlth   ..........              (no amulet)
HPRegen 0.10/turn               e - +6 ring of dexterity
MPRegen 0.09/turn               (no ring)

@: no status effects
A: sickness immunity, AC +4, negative energy resistance 1, electricity
resistance, torment resistance 1, petrification resistance, sense surroundings
1, weak 1
a: no special abilities


You were on level 4 of the Dungeon.
You visited 1 branch of the dungeon, and saw 4 of its levels.

You collected 104 gold pieces.
You spent 26 gold pieces at shops.


Innate Abilities, Weirdness & Mutations

You are immune to sickness and miasma.
Your stone body is resilient. (AC +4)
You are immune to poison.
You resist negative energy. (rN+)
You are resistant to electric shocks. (rElec)
You are resistant to unholy torment.
You are immune to petrification.
You passively map a small area around you.
You are weak. (Str -2)


   Skills:
 - Level 3.2 Fighting
 + Level 4.9 Axes
 - Level 3.2 Armour
 - Level 1.0 Dodging
 - Level 3.2 Shields


You had 4 spell levels left.
You didn't know any spells.
Your spell library was empty.

Inventory:

Hand Weapons
 i - a +0 flail of protection
 Y - a +0 war axe (weapon)
Armour
 b - a +0 scale mail (worn)
 c - a +0 buckler (worn)
 h - a +0 pair of gloves (worn)
 j - a +0 helmet (worn)
Jewellery
 e - a +6 ring of dexterity (left hand)
Scrolls
 f - 3 scrolls of identify
Potions
 a - a potion of resistance
 d - 3 potions of might
 k - a potion of mutation

Dungeon Overview and Level Annotations

Branches:
Dungeon (4/15)
 Temple: D:4-7

Altars:
Trog

Shops:
D:1 [?


Message History

The black bear claws you.
You slash the black bear!
The black bear is heavily wounded.
The black bear bites you.
The black bear claws you but does no damage. x2
You hit the black bear.
The black bear is heavily wounded.
You block the black bear's attack.
The black bear claws you but does no damage.
You block the black bear's attack.
You hit the black bear but do no damage.
The black bear is heavily wounded.
The black bear bites you but does no damage.
The black bear claws you.
The black bear claws you but does no damage.
You hit the black bear.
The black bear is severely wounded.
The black bear barely misses you.
The black bear claws you but does no damage.
The black bear barely misses you.
The black bear bites you but does no damage.
You block the black bear's attack.
The black bear claws you but does no damage.
You hit the black bear.
The black bear is severely wounded.
The black bear goes berserk!
You slash the black bear!
The black bear is almost dead.
The black bear closely misses you. x2
The black bear claws you but does no damage.
The black bear bites you! The black bear barely misses you. x2
You hit the black bear but do no damage.
The black bear is almost dead.
The black bear bites you but does no damage.
The black bear claws you.
The black bear claws you but does no damage.
You block the black bear's attack.
The black bear claws you but does no damage.
The black bear claws you.
You die...

, * , , * , *
,, , , * , * *
,, , , ., ** ,,
* , ..#####* ,
* * * .......,
,, , ,
...#...###.####
.......@h......
...###....##...
,* , * #....# *
, , * , #..#?.#
*, ,,,
,.......# *
##....#..# ,
#... ..... ,
,...... ... *


You could see a black bear (berserk).

Vanquished Creatures
  A hound (D:3)
  An orc wizard (D:3)
  5 adders
  2 worms (D:3)
  7 orcs
  4 bats
  8 endoplasms
  3 giant cockroaches
  4 goblins
  5 hobgoblins
  9 jackals
  A quokka (D:1)
  2 ball pythons (D:2)
  6 frilled lizards
  4 kobolds
  A rat (D:1)
63 creatures vanquished.

Notes
Turn   | Place    | Note
-------+----------+-------------------------------------------
     0 | D:1      | qw the Gargoyle Fighter began the quest for the Orb.
     0 | D:1      | Reached XP level 1. HP: 14/14 MP: 1/1
     0 | D:1      | 0 ||| qw: Version: 0.1-a-111-g1c1fd2e
     0 | D:1      | 0 ||| qw: Game counter: 6600
     0 | D:1      | 0 ||| qw: Always use a shield: true
     0 | D:1      | 0 ||| qw: God list: Okawaru
     0 | D:1      | 0 ||| qw: Allow faded altars: false
     0 | D:1      | 0 ||| qw: Do Orc after D:15 true
     0 | D:1      | 0 ||| qw: Do second Lair branch before Depths: true
     0 | D:1      | 0 ||| qw: Lair rune preference: random
     0 | D:1      | 0 ||| qw: Plans: Normal, Zot, God:TSO, Crypt, Tomb, Zig,
                  | Orb
     0 | D:1      | 0 ||| PLANNING D:1-11
   158 | D:1      | Reached skill level 2 in Axes
   279 | D:1      | Found Lugg's Armour Emporium.
   284 | D:1      | 284 ||| SHOPLISTING +2 ring mail of cold resistance (294
                  | gold, have 0).
   284 | D:1      | 284 ||| SHOPLISTING +3 plate armour of willpower (630 gold,
                  | have 0).
   284 | D:1      | 284 ||| SHOPLISTING +8 plate armour of the Slightly Bent
                  | {rN+} (1038 gold, have 0).
   388 | D:1      | 388 ||| Stepping ~*~*~tactically~*~*~ (stealth).
   389 | D:1      | 389 ||| Stepping ~*~*~tactically~*~*~ (stealth).
   390 | D:1      | 390 ||| Stepping ~*~*~tactically~*~*~ (stealth).
   404 | D:1      | Reached XP level 2. HP: 17/19 MP: 2/2
   569 | D:1      | Found Pazurch's Magic Scroll Shop.
   585 | D:1      | 585 ||| SHOPLISTING scroll of blinking (97 gold, have 41).
   585 | D:1      | 585 ||| SHOPLISTING scroll of fog (52 gold, have 41).
   585 | D:1      | 585 ||| BUYING scroll of identify (26 gold).
   585 | D:1      | Bought a scroll of identify for 26 gold pieces
   585 | D:1      | 585 ||| SHOPLISTING scroll of identify (26 gold, have 15).
   585 | D:1      | 585 ||| SHOPLISTING scroll of teleportation (39 gold, have
                  | 15).
  1021 | D:1      | 1021 ||| READING scroll labelled SEROL XELID.
  1122 | D:1      | 1122 ||| READING scroll labelled OMYCSUBALO.
  1123 | D:1      | 1123 ||| READING scroll labelled ZEC VOPPUPTIGG.
  1145 | D:2      | Reached skill level 3 in Axes
  1160 | D:2      | Reached XP level 3. HP: 23/23 MP: 3/3
  1220 | D:2      | 1220 ||| Stepping ~*~*~tactically~*~*~ (stealth).
  1226 | D:2      | 1226 ||| Stepping ~*~*~tactically~*~*~ (stealth).
  1228 | D:2      | 1228 ||| Stepping ~*~*~tactically~*~*~ (stealth).
  1288 | D:2      | 1288 ||| Stepping ~*~*~tactically~*~*~ (stealth).
  1290 | D:2      | Found a bloodstained altar of Trog.
  1295 | D:2      | 1295 ||| Stepping ~*~*~tactically~*~*~ (stealth).
  1365 | D:2      | 1365 ||| DROPPING +0 club.
  1366 | D:2      | 1366 ||| DROPPING +0 flail.
  1525 | D:2      | 1525 ||| Stepping ~*~*~tactically~*~*~ (stealth).
  2065 | D:2      | 2065 ||| UPGRADING to +0 pair of gloves.
  2070 | D:2      | 2070 ||| UPGRADING to +0 helmet.
  2075 | D:2      | 2075 ||| READING scroll labelled WEIFIA ONYLEL.
  2076 | D:2      | 2076 ||| READING scroll labelled KAMUGO NADGH.
  2079 | D:2      | 2079 ||| READING 4 scrolls of identify.
  2079 | D:2      | 2079 ||| IDENTIFYING amethyst potion
  2092 | D:3      | 2092 ||| STAIRDANCE
  2095 | D:2      | Reached XP level 4. HP: 28/28 MP: 4/4
  2097 | D:3      | 2097 ||| STAIRDANCE
  2129 | D:3      | 2129 ||| STAIRDANCE
  2139 | D:2      | Reached skill level 4 in Axes
  2170 | D:3      | 2170 ||| STAIRDANCE
  2199 | D:3      | 2199 ||| STAIRDANCE
  2328 | D:3      | 2328 ||| Stepping ~*~*~tactically~*~*~ (stealth).
  2397 | D:3      | 2397 ||| Stepping ~*~*~tactically~*~*~ (hiding).
  2410 | D:3      | Reached XP level 5. HP: 17/32 MP: 5/5
  3006 | D:3      | 3006 ||| UPGRADING to +6 ring of dexterity.
  3007 | D:3      | 3007 ||| READING scroll labelled DACINY ULUA.
  3008 | D:3      | 3008 ||| DRINKING 2 metallic ruby potions.
  3008 | D:3      | Gained mutation: You are weak. (Str -2) [potion of
                  | mutation]
  3008 | D:3      | Gained mutation: You passively map a small area around you.
                  | [potion of mutation]
  3017 | D:4      | 3017 ||| PLANNING OSSUARY
  3017 | D:4      | Noticed a black bear
  3020 | D:4      | 3020 ||| STAIRDANCE
  3024 | D:3      | Reached skill level 1 in Dodging
  3036 | D:4      | HP: 6/32 [black bear (10)]
  3037 | D:4      | HP: 1/32 [black bear (5)]
  3037 | D:4      | Slain by a black bear

Levels and vault maps discovered:
D:1:      evilmike_arrival_plus, layout_basic, serial_shops,
          nicolae_shop_hallway_stairs, shop
D:2:      layout_basic, basic_altar
D:3:      layout_rooms
D:4:      layout_basic, nicolae_ossuary_entry_ruins, uniq_sigmund

Skill      XL: |  1  2  3  4  5 |
---------------+----------------+-----
Axes           | 2 3 4 |  4.9
Dodging        | 1 |  1.0
Fighting       | |  3.2
Armour         | |  3.2
Shields        | |  3.2

Action                   |  1- 3 |  4- 6 || total
-------------------------+-------+-------++-------
Melee: War axe           |    99 |   114 ||   213
  Use: Scroll            |     6 |     1 ||     7
       Potion            |       |     1 ||     1
Armor: Scale mail        |    45 |    88 ||   133
Dodge: Dodged            |    44 |    79 ||   123
Block: Buckler           |    21 |    33 ||    54

Table legend:
 A = Non-vault XP
 B = Vault XP
 C = Vault XP percentage of total XP
 D = Non-vault monster count
 E = Vault monster count
 F = Vault count percentage of total count
                 A         B        C        D         E       F
            +---------+---------+-------+---------+---------+-------
      Total |     255 |       0 |   0.0 |      63 |       0 |   0.0
            +---------+---------+-------+---------+---------+-------
        D:1 |      29 |       0 |   0.0 |      16 |       0 |   0.0
        D:2 |      88 |       0 |   0.0 |      28 |       0 |   0.0
        D:3 |     138 |       0 |   0.0 |      19 |       0 |   0.0
            +---------+---------+-------+---------+---------+-------
